 Dungeon Crawl Stone Soup version 0.27.1-3-gb3d3a73c9e (webtiles) character file.

Game seed: 5026217117817115458

219 Baz the Sneak (level 6, -4/42 HPs)
             Began as a Human Brigand on Oct 22, 2021.
             Was a Priest of Hepliaklqana.
             Slain by an iguana (5 damage)
             ... on level 4 of the Dungeon.
             The game lasted 00:04:46 (3486 turns).

Baz the Sneak (Human Brigand)                       Turns: 3486, Time: 00:04:47

Health: -4/42      AC:  5    Str: 13    XL:     6   Next: 18%
Magic:  6/6        EV: 12    Int: 11    God:    Hepliaklqana [***...]
Gold:   118        SH:  4    Dex: 15    Spells: 5/5 levels left

rFire    . . .     SeeInvis .   h - +2 short sword (drain)
rCold    . . .     Faith    .   s - +0 buckler
rNeg     . . .     Spirit   .   b - +0 robe
rPois    .         Reflect  .   v - +0 helmet
rElec    .         Harm     .   c - +0 cloak
rCorr    .         Rampage  .   u - +0 pair of gloves
Will     .....                  (no boots)
Stlth    +++.......             (no amulet)
HPRegen  0.14/turn              (no ring)
MPRegen  0.10/turn              (no ring)

@: slowed, very slow
A: reduced essence
a: Renounce Religion, Recall Ancestor, Ancestor Identity, Transference


You were on level 4 of the Dungeon.
You worshipped Hepliaklqana.
Hepliaklqana was most pleased with you.
You visited 1 branch of the dungeon, and saw 4 of its levels.

You collected 118 gold pieces.

Inventory:

Hand Weapons
 a - a +2 dagger
 h - a +2 short sword of draining (weapon)
 j - a +0 dagger
 n - a +1 vampiric short sword
Missiles
 d - 18 poisoned darts (quivered)
 e - 7 curare-tipped darts
 g - 151 stones
Armour
 b - a +0 robe (worn)
 c - a +0 cloak (worn)
 s - a +0 buckler (worn)
 u - a +0 pair of gloves (worn)
 v - a +0 helmet (worn)
Scrolls
 i - a scroll of magic mapping {unknown}
 m - 6 scrolls of identify {unknown}
 o - a scroll of fog {unknown}
 q - a scroll of torment {unknown}
 r - 2 scrolls of enchant armour {unknown}
Potions
 f - a potion of degeneration {unknown}
 k - a potion of flight {unknown}
 l - a potion of attraction {unknown}
 p - a potion of haste
 t - a potion of curing {unknown}


   Skills:
 + Level 3.2 Fighting
 * Level 3.7 Short Blades
 - Level 2.3 Throwing
 - Level 2.0 Dodging
 + Level 4.9 Stealth
 + Level 1.3 Shields


You had 5 spell levels left.
You didn't know any spells.
Your spell library contained the following spells:

 Spells                   Type           Power      Damage    Failure   Level
 Gell's Gravitas          Tloc           0%         N/A       83%         3
 Teleport Other           Tloc           0%         N/A       83%         3
 Dispersal                Tloc           0%         N/A       100%        6


Dungeon Overview and Level Annotations

Branches:
Dungeon (4/15)
 Temple: D:4-7

Altars:
Dithmenos
Hepliaklqana
Kikubaaqudgha

Annotations:
D:4 Natasha


Message History

You hit Natasha but do no damage.
Natasha is severely wounded.
Natasha claws you.
The centaur zombie hits Edmée but does no damage.
The centaur zombie kicks Edmée.
The shadow imp hits you but does no damage.
Edmée hits the centaur zombie with a +0 dagger of draining!
You barely miss Natasha.
Natasha is severely wounded.
Natasha casts a spell at you.
You feel yourself slow down.
Unknown command.
Unknown command.
You hit Natasha but do no damage.
Natasha is severely wounded.
The shadow imp closely misses you.
Edmée hits the centaur zombie with a +0 dagger of draining.
The centaur zombie is destroyed!
Natasha stares at you and mumbles some strange words.
The magic dart hits you.
Edmée completely misses Natasha.
The shadow imp hits you. The iguana bites you!
* * * LOW HITPOINT WARNING * * *
You have reached level 6!
Your experience leads to an increase in your attributes!
Increase (S)trength, (I)ntelligence, or (D)exterity?
You feel stronger.
Edmée remembers more of her old skill.
Okay, then.
Edmée hits the shadow imp with a +0 dagger of draining.
Natasha barely misses you.
Found a stone staircase leading down.
Edmée barely misses the shadow imp.
Natasha barely misses you. The iguana closely misses you.
The shadow imp disappears in a puff of smoke!
Natasha claws you.
* * * LOW HITPOINT WARNING * * *
Edmée casts a spell at Natasha.
Natasha resists with significant effort.
Edmée points at Natasha and mumbles some strange words.
Natasha appears confused.
The iguana bites you.
You die...

#. #.# # #. #.##.# #.
...#. ..# #. #...
#.##.# #l #..##.#.##.#
#. #..##.#.##.# #.
#.######..##.#.##.# #.
...>...@l.##.#.##$# #.
###.####..##.#.##.# #.
#.#...h.##.#.##.#####.
#.....R§##............
#......).....†..######
........####.####
#.#...#.# #.#
#.##.##.# #.# #. ...
#.#


You could see the friendly Edmée the hexer, an iguana and Natasha (confused,
drained, ally target).

Vanquished Creatures
  An iguana (D:4)
  4 adders
  2 worms
  3 dart slugs
  2 ball pythons (D:3)
  6 endoplasms
  8 goblins
  7 hobgoblins
  17 jackals
  2 bats
  A frilled lizard (D:3)
  8 kobolds
  4 rats
65 creatures vanquished.

Vanquished Creatures (collateral kills)
  A centaur zombie (D:4)
  Natasha (D:4)
  A dart slug (D:3)
  2 orcs (D:4)
  An endoplasm (D:2)
  3 jackals
9 creatures vanquished.

Grand Total: 74 creatures vanquished

Notes
Turn   | Place    | Note
-------+----------+-------------------------------------------
     0 | D:1      | Baz the Human Brigand began the quest for the Orb.
     0 | D:1      | Reached XP level 1. HP: 16/16 MP: 1/1
   528 | D:1      | Reached XP level 2. HP: 16/22 MP: 2/2
   949 | D:1      | Found a faded altar of an unknown god.
   963 | D:1      | Reached XP level 3. HP: 22/28 MP: 3/3
  1032 | D:1      | Became a worshipper of Hepliaklqana the Forgotten
  1032 | D:1      | Reached * piety under Hepliaklqana
  1536 | D:2      | Reached XP level 4. HP: 20/30 MP: 4/4
  1869 | D:2      | Reached ** piety under Hepliaklqana
  1870 | D:2      | Remembered your ancestor Edmée as a hexer
  2579 | D:3      | Found an ancient bone altar of Kikubaaqudgha.
  2612 | D:3      | Reached XP level 5. HP: 32/36 MP: 5/5
  2648 | D:3      | Found a shadowy altar of Dithmenos.
  3003 | D:3      | Reached *** piety under Hepliaklqana
  3104 | D:4      | Noticed Natasha
  3111 | D:4      | Killed Natasha
  3449 | D:4      | Reached skill level 1 in Shields
  3470 | D:4      | Noticed Natasha
  3483 | D:4      | Reached XP level 6. HP: 3/42 MP: 6/6
  3485 | D:4      | HP: 1/42 [Natasha (3)]
  3486 | D:4      | Slain by an iguana

Illustrated notes

Levels and vault maps discovered:
D:1:      amcnicky_arrival_abandoned_market, layout_basic,
          shapermc_ecumenical_altar_totnotflames, kennysheep_decorative_pillar,
          amcnicky_mini_rare_corridor_liquid
D:2:      layout_loops_cross, minmay_pentomino_w2
D:3:      layout_basic, grunt_dithmenos_smoke_and_mirrors, old_standard_altar
D:4:      layout_loops_ring, uniq_natasha

Skill      XL: |  1  2  3  4  5 |
---------------+----------------+-----
Dodging        | 2 |  2.0
Short Blades   | 3 |  3.7
Fighting       | 3 |  3.2
Shields        | 1 |  1.3
Throwing       | |  2.3
Stealth        | |  4.9

Action                   |  1- 3 |  4- 6 || total
-------------------------+-------+-------++-------
Melee: Short sword       |    53 |    83 ||   136
       Dagger            |     3 |       ||     3
Invok: Ancestor Life: He |       |     1 ||     1
 Stab: Sleeping          |     7 |     5 ||    12
       Confused          |       |     3 ||     3
       Distracted        |       |     1 ||     1
Armor: Robe              |     6 |    18 ||    24
Dodge: Dodged            |    21 |    41 ||    62
Block: Buckler           |       |    14 ||    14
